Map: Usina Ácida LE

Players

rodrimed

  • Race: Protoss Protoss
  • League: Silver
  • Spawn Location: 5:00

IagoAbreu - Winner!

  • Race: Terran Terran
  • League: Silver
  • Spawn Location: 11:00

VOD

Have the link to the VOD?

Description

Time

  • Played on: March 9, 2018, 6:47 p.m.
  • Length: 22:00
Show
View Real Time Build Order
Export as new Build Order

rodrimed Protoss 

Build Orders:  

Get SALT Encoding   

  12  0:01  Probe  
  13  0:13  Probe  
  14  0:18  Pylon  
  14  0:25  Probe  
  15  0:37  Probe (Chrono Boost)  
  15  0:39  Gateway  
  16  0:49  Probe (Chrono Boost)  
  17  0:54  Probe (Chrono Boost)  
  18  0:57  Assimilator  
  18  1:00  Pylon  
  18  1:03  Probe  
  19  1:15  Probe  
  20  1:20  Pylon  
  20  1:27  Probe (Chrono Boost)  
  21  1:33  Gateway  
  21  1:39  Probe (Chrono Boost)  
  22  1:40  Cybernetics Core  
  22  1:45  Assimilator  
  22  1:46  Probe (Chrono Boost)  
  23  1:54  Probe  
  24  2:01  Zealot  
  26  2:20  Nexus  
  26  2:25  Stalker  
  28  2:32  Zealot  
  30  2:37  Warp Gate  
  30  2:47  Pylon  
  30  2:55  Stalker  
  32  2:59  Stalker  
  34  3:06  Pylon  
  34  3:11  Probe (Chrono Boost)  
  35  3:23  Probe (Chrono Boost)  
  35  3:25  Stalker  
  38  3:28  Probe (Chrono Boost)  
  38  3:29  Zealot  
  42  3:34  Probe (Chrono Boost)  
  42  3:45  Probe (Chrono Boost)  
  42  3:48  Twilight Council  
  43  3:53  Pylon  
  43  3:59  Gateway  
  43  4:05  Pylon  
  43  4:16  Pylon  
  43  4:17  Probe  
  43  4:19  Probe  
  45  4:28  Robotics Facility  
  45  4:29  Probe  
  46  4:31  Probe  
  47  4:39  Stalker x2  
  51  4:46  Probe  
  51  4:48  Assimilator  
  52  4:53  Stalker  
  52  4:56  Charge (Chrono Boost)  
  52  4:59  Probe (Chrono Boost)  
  55  5:06  Probe (Chrono Boost)  
  56  5:13  Assimilator  
  56  5:17  Probe (Chrono Boost)  
  56  5:18  Probe (Chrono Boost)  
  58  5:22  Immortal (Chrono Boost)  
  58  5:26  Stalker, Probe x2 (Chrono Boost)  
  66  5:30  Stalker  
  66  5:31  Probe (Chrono Boost)  
  66  5:35  Stalker  
  61  5:52  Probe  
  61  5:56  Observer (Chrono Boost)  
  54  6:04  Probe  
  50  6:16  Probe  
  51  6:30  Stalker x2, Probe (Chrono Boost)  
  51  6:31  Stalker  
  51  6:32  Immortal  
  62  6:36  Probe (Chrono Boost)  
  63  6:46  Probe (Chrono Boost)  
  65  6:47  Probe (Chrono Boost)  
  67  6:54  Probe (Chrono Boost)  
  67  6:56  Probe (Chrono Boost)  
  67  6:57  Resonating Glaives  
  67  7:00  Probe (Chrono Boost)  
  68  7:04  Probe (Chrono Boost)  
  68  7:07  Probe (Chrono Boost)  
  70  7:11  Observer  
  71  7:19  Probe (Chrono Boost)  
  72  7:24  Probe (Chrono Boost)  
  73  7:34  Probe (Chrono Boost)  
  73  7:36  Probe (Chrono Boost)  
  76  7:44  Immortal  
  76  7:46  Probe (Chrono Boost)  
  76  7:49  Probe (Chrono Boost)  
  76  7:51  Probe (Chrono Boost)  
  81  7:57  Probe  
  83  8:00  Probe  
  84  8:11  Probe (Chrono Boost)  
  85  8:18  Probe (Chrono Boost)  
  86  8:22  Probe (Chrono Boost)  
  86  8:23  Gateway x2  
  86  8:24  Immortal  
  86  8:26  Gateway, Probe (Chrono Boost)  
  91  8:29  Pylon  
  92  8:37  Probe  
  93  8:42  Blink  
  93  8:49  Probe  
  94  8:59  Robotics Facility  
  94  9:01  Probe  
  95  9:20  Nexus  
  95  9:30  Immortal  
  99  9:37  Stalker  
  101  9:47  Pylon  
  101  9:57  Pylon  
  101  9:58  Pylon  
  101  10:00  Pylon  
  101  10:02  Pylon  
  101  10:04  Pylon  
  101  10:21  Pylon  
  101  10:23  Pylon  
  101  10:24  Pylon  
  101  10:31  Pylon  
  101  10:37  Probe  
  102  10:44  Stalker  
  102  10:45  Pylon, Stalker x3  
  102  10:46  Stalker x2  
  102  10:49  Probe, Immortal x2  
  123  11:01  Probe  
  124  11:04  Pylon  
  124  11:09  Pylon  
  124  11:14  Probe  
  119  11:21  Assimilator  
  119  11:25  Stalker x2  
  121  11:26  Assimilator, Stalker x2, Probe  
  121  11:28  Immortal  
  121  11:29  Immortal  
  136  11:48  Nexus  
  136  12:09  Pylon  
  136  12:11  Pylon  
  136  12:41  Stargate  
  136  12:43  Pylon  
  136  12:44  Stargate  
  136  12:46  Forge  
  136  12:49  Nexus  
  136  12:54  Forge  
  136  12:55  Protoss Air Weapons Level 1  
  136  13:00  Observer, Stargate x2  
  136  13:03  Pylon  
  134  13:13  Immortal x2  
  99  13:47  Stalker  
  99  13:48  Stalker x2  
  83  13:50  Stalker x2  
  83  13:51  Stalker  
  83  13:52  Immortal x2  
  83  13:54  Void Ray x2 (Chrono Boost)  
  109  13:56  Void Ray x2 (Chrono Boost)  
  58  14:41  Stalker x2  
  58  14:42  Stalker  
  58  14:43  Stalker x2  
  58  14:44  Stalker  
  55  15:03  Observer (Chrono Boost)  
  52  15:11  Void Ray x2  
  60  15:29  Probe  
  60  15:35  Probe  
  62  15:41  Probe  
  63  15:47  Probe  
  64  15:52  Probe  
  64  15:53  Probe  
  66  15:59  Probe  
  67  16:04  Probe  
  67  16:05  Probe  
  69  16:14  Probe (Chrono Boost)  
  69  16:16  Probe (Chrono Boost)  
  72  16:23  Probe (Chrono Boost)  
  66  16:26  Probe (Chrono Boost)  
  66  16:28  Probe (Chrono Boost)  
  66  16:31  Probe x2 (Chrono Boost)  
  52  16:42  Probe  
  52  16:43  Probe  
  46  16:51  Stalker x3  
  46  16:52  Stalker  
  55  16:54  Probe  
  47  17:24  Probe (Chrono Boost)  
  47  17:28  Probe (Chrono Boost)  
  49  17:36  Probe (Chrono Boost)  
  52  17:38  Probe x2 (Chrono Boost)  
  52  17:40  Assimilator  
  53  17:44  Probe (Chrono Boost)  
  53  17:45  Assimilator  
  53  17:46  Probe (Chrono Boost)  
  53  17:47  Probe (Chrono Boost)  
  53  17:51  Probe (Chrono Boost)  
  55  17:56  Probe  
  57  18:02  Probe  
  57  18:03  Stalker  
  60  18:06  Stalker  
  60  18:07  Stalker  
  60  18:08  Stalker x2, Probe  
  60  18:09  Stalker  
  71  18:14  Probe  
  72  18:20  Probe  
  73  18:32  Probe  
  74  18:37  Nexus  
  74  18:40  Assimilator  
  74  18:44  Probe  
  75  18:59  Pylon  
  75  19:03  Probe  
  76  19:15  Probe  
  77  19:26  Phoenix x2  
  77  19:27  Phoenix x2, Probe  
  86  19:31  Zealot x2  
  86  19:32  Zealot x4  
  98  19:40  Probe  
  99  19:52  Probe  
  100  19:54  Phoenix  
  100  19:55  Phoenix  
  100  19:56  Phoenix x2  
  108  20:03  Protoss Ground Armor Level 1  
  108  20:04  Protoss Shields Level 1  
  108  20:05  Protoss Air Armor Level 1  
  108  20:12  Zealot  
  108  20:13  Zealot x4  
  118  20:14  Zealot  
  118  20:19  Phoenix  
  118  20:20  Phoenix  
  118  20:21  Phoenix x2  
  126  20:23  Nexus  
  128  20:39  Probe  
  128  20:42  Probe  
  130  20:45  Phoenix  
  130  20:46  Phoenix x2  
  130  20:47  Phoenix  
  137  20:51  Probe  
  137  20:54  Probe  
  135  21:01  Observer (Chrono Boost)  
  135  21:03  Probe  
  127  21:07  Probe  
  122  21:14  Zealot x4  
  122  21:15  Zealot x2  
  122  21:18  Phoenix x3  
  131  21:19  Phoenix  
Show
View Real Time Build Order
Export as new Build Order

IagoAbreu Terran - Winner!

Build Orders:  

Get SALT Encoding   

  12  0:13  Supply Depot  
  12  0:17  SCV  
  13  0:29  SCV  
  13  0:34  Supply Depot  
  14  0:42  Engineering Bay  
  14  0:44  SCV  
  15  1:02  SCV  
  16  1:06  Barracks  
  16  1:09  Refinery  
  16  1:15  SCV  
  17  1:21  Refinery  
  17  1:27  SCV  
  18  1:40  Barracks  
  18  1:46  SCV  
  19  1:54  Barracks  
  19  2:03  Terran Infantry Weapons Level 1  
  20  2:18  Orbital Command  
  19  2:37  Ghost Academy  
  19  2:40  Barracks Tech Lab x2  
  19  2:46  Barracks Tech Lab  
  19  2:50  SCV  
  20  3:02  SCV  
  21  3:16  Ghost x2  
  25  3:24  SCV  
  26  3:38  Marine  
  27  3:46  Personal Cloaking  
  27  3:56  Marine  
  27  4:00  Command Center  
  27  4:02  Marine x2  
  30  4:14  Marine  
  31  4:21  Factory  
  31  4:53  Supply Depot x2  
  31  5:04  Marine x3  
  34  5:07  Factory Reactor  
  34  5:16  Supply Depot  
  34  5:18  Supply Depot  
  34  5:22  Marine x3  
  37  5:46  Marine x2  
  37  5:47  Marine  
  40  5:52  Widow Mine x2  
  44  6:04  Marine x3  
  43  6:38  Factory  
  43  6:42  Starport  
  43  6:45  Starport  
  43  6:49  Armory  
  43  6:50  Marine, Widow Mine x2  
  43  6:51  Marine x2  
  50  7:08  Marine x2  
  50  7:09  Marine  
  53  7:37  Missile Turret  
  53  7:38  Missile Turret  
  53  7:56  Barracks Reactor  
  53  8:00  Barracks Reactor  
  53  8:04  Missile Turret  
  53  8:10  Orbital Command  
  53  8:17  Banshee x2  
  59  8:20  Siege Tank  
  59  8:24  Marine x2  
  64  8:43  Cloaking Field  
  64  9:00  Siege Tank  
  67  9:13  Orbital Command  
  67  9:27  Marine  
  67  9:28  Marine x5  
  73  9:34  Medivac x2  
  77  9:45  Marine x2  
  77  9:46  Marine x4  
  83  9:56  Terran Ship Weapons Level 1  
  83  10:24  Marine  
  83  10:25  Marine x2  
  86  10:35  Supply Depot  
  86  10:56  Marine x2, Banshee x2  
  94  11:00  Marine  
  94  11:01  Supply Depot  
  95  11:28  Terran Infantry Weapons Level 2  
  95  11:30  Marine x4  
  95  11:31  Marine  
  95  11:32  Marine  
  101  11:36  Supply Depot  
  101  11:40  Siege Tank  
  104  11:48  Marine x4  
  104  11:49  Marine x2  
  110  11:59  Supply Depot  
  110  12:02  SCV  
  111  12:14  SCV  
  112  12:21  Medivac x2  
  116  12:24  Siege Tank  
  116  12:26  Terran Vehicle Weapons Level 1  
  66  14:28  Marine x3  
  66  14:29  Marine x3  
  72  14:34  Banshee x2  
  74  14:38  Cyclone  
  74  14:46  Marine x4  
  74  14:47  Marine x2  
  67  15:04  Marine x6  
  71  15:10  Cyclone  
  71  15:22  Marine x6, Banshee x2  
  83  16:00  Refinery  
  83  16:08  Refinery  
  60  16:50  Viking x4  
  66  16:57  Ghost x2  
  67  17:03  Orbital Command  
  62  17:15  Refinery  
  62  17:26  Ghost x2  
  66  17:37  Marine x2  
  68  17:48  Viking x2  
  72  17:55  Marine x2  
  74  18:09  SCV  
  74  18:11  Refinery  
  75  18:13  Marine  
  75  18:14  Refinery  
  75  18:16  Marine  
  77  18:21  SCV  
  77  18:25  Viking x2  
  82  18:30  Marine  
  82  18:34  SCV, Marine  
  85  18:46  SCV  
  86  18:48  Marine  
  86  18:52  Marine  
  88  18:58  SCV  
  88  19:01  Viking  
  88  19:02  Viking x3  
  97  19:06  Marine  
  97  19:07  Marine  
  97  19:08  Marine  
  100  19:10  Marine  
  100  19:15  Siege Tank  
  104  20:09  Medivac x3  
  104  20:10  Medivac  
  104  20:13  Marine x4  
  116  20:30  Marine  
  116  20:31  Marine  
Tags
 
Add a new tag
Caveats
  • Supply blocks, unpowered buildings, or Contaminate may cause inaccurate times.
  • Supply counts are checked every 10 seconds.